 Dungeon Crawl Stone Soup version 0.31.0-32-g396128a36d (webtiles) character file.

Game seed: 17200149971977444848

116986 laqueoix the Fencer (level 16, -2/145 HPs)
             Began as a Merfolk Gladiator on Apr 2, 2024.
             Was the Champion of Wu Jian.
             Slain by a redback (7 damage)
             ... on level 2 of the Spider Nest.
             The game lasted 01:14:17 (27194 turns).

laqueoix the Fencer (Merfolk Gladiator)            Turns: 27194, Time: 01:14:18

Health: -2/145     AC: 16    Str: 16    XL:     16   Next: 72%
Magic:  16/16      EV: 23    Int:  8    God:    Wu Jian [******]
Gold:   1866       SH:  5    Dex: 21    Spells: 15/15 levels left

rFire   + . .        F - +5 great sword (spect)
rCold   . . .        (shield currently unavailable)
rNeg    . . .        W - +3 leather armour "Keahykh" {rPois rF+}
rPois   +            c - +0 helmet
rElec   .            D - +0 cloak
rCorr   .            v - +0 pair of gloves {Stlth+}
SInv    .            A - +0 pair of boots
Will    ++...        P - amulet of reflection
Stlth   +++          X - ring of willpower
HPRegen 0.44/turn    o - +4 ring of protection
MPRegen 0.15/turn

%: reflection
@: mighty, exhausted, marked, slowed, very slow
A: (nimble swimmer 2), mertail
a: Renounce Religion, Wall Jump, Serpent's Lash, Heavenly Storm


You were on level 2 of the Spider Nest.
You worshipped Wu Jian.
Wu Jian was exalted by your worship.
You visited 5 branches of the dungeon, and saw 25 of its levels.

You collected 2337 gold pieces.
You spent 471 gold pieces at shops.

Inventory:

Hand Weapons
 b - a +4 scimitar of flaming
 E - a +3 great sword
 F - a +5 spectral great sword (weapon)
Armour
 c - a +0 helmet (worn)
 q - the +0 scale mail of the Wilderness {rC+++ rCorr Str+3 Stlth-}
   (You found it on level 2 of the Dungeon)

   Str+3:     It affects your strength (+3).
   rC+++:     It renders you almost immune to cold.
   rCorr:     It protects you from acid and corrosion.
   Stlth-:    It makes you less stealthy.
 u - a +2 scale mail of positive energy
 v - a +0 pair of gloves of stealth (worn)
 A - a +0 pair of boots (worn)
 D - a +0 cloak (worn)
 W - the +3 leather armour "Keahykh" (worn) {rPois rF+}
   (You found it on level 13 of the Dungeon)

   rF+:       It protects you from fire.
   rPois:     It protects you from poison
Jewellery
 g - a ring of positive energy
 h - a ring of fire
 l - a ring of protection from cold
 o - a +4 ring of protection (right hand)
 y - a +5 ring of evasion
 I - an amulet of guardian spirit
 P - an amulet of reflection (around neck)
 Q - a ring of protection from cold
 T - a ring of protection from fire
 U - a ring of see invisible
 X - a ring of willpower (left hand)
Wands
 s - a wand of paralysis (25)
 J - a wand of roots (15)
 K - a wand of light (10)
 R - a wand of flame (12)
 V - a wand of digging (3)
Scrolls
 d - 6 scrolls of identify
 e - a scroll of torment
 i - a scroll of enchant weapon
 k - 3 scrolls of poison
 p - 7 scrolls of teleportation
 C - 4 scrolls of fear
 N - 4 scrolls of summoning
 Y - a scroll of revelation
Potions
 a - 4 potions of mutation
 f - 2 potions of brilliance
 m - 4 potions of lignification
 n - 2 potions of cancellation
 t - a potion of resistance
 w - 3 potions of curing
 z - 4 potions of enlightenment
 B - 2 potions of might
 H - 3 potions of invisibility
 O - 2 potions of heal wounds
Miscellaneous
 G - a lightning rod (4/4)
 M - a box of beasts


   Skills:
 + Level 18.9 Fighting
 - Level 20.0 Long Blades
 - Level 2.0 Throwing
 + Level 6.9 Armour
 + Level 15.8 Dodging
 + Level 9.2 Evocations


You had 15 spell levels left.
You didn't know any spells.
Your spell library contained the following spells:

 Spells                   Type           Power      Damage    Failure   Level
 Apportation              Tloc           0%         N/A       45%         1
 Freeze                   Ice            0%         1d3       45%         1
 Necrotise                Necr           0%         1d4       45%         1
 Sting                    Conj/Alch      0%         1d3       45%         1
 Summon Small Mammal      Summ           0%         N/A       45%         1
 Blink                    Tloc           0%         N/A       61%         2
 Cigotuvi's Dreadful Rot  Necr/Alch/Air  0%         N/A       61%         2
 Ensorcelled Hibernation  Hex/Ice        0%         N/A       61%         2
 Jinxbite                 Hex            0%         N/A       61%         2
 Lesser Beckoning         Tloc           0%         N/A       61%         2
 Momentum Strike          Conj/Tloc      0%         3d8       61%         2
 Call Canine Familiar     Summ           0%         N/A       83%         3
 Frozen Ramparts          Ice            0%         1d1       83%         3
 Hailstorm                Conj/Ice       0%         3d5       83%         3
 Inner Flame              Hex/Fire       0%         N/A       83%         3
 Passwall                 Erth           0%         N/A       83%         3
 Sigil of Binding         Hex            0%         N/A       83%         3
 Stone Arrow              Conj/Erth      0%         3d7       83%         3
 Summon Ice Beast         Ice/Summ       0%         N/A       83%         3
 Swiftness                Air            0%         N/A       83%         3
 Vampiric Draining        Necr           0%         2d6       83%         3
 Animate Armour           Summ/Erth      0%         N/A       99%         4
 Dimensional Bullseye     Hex/Tloc       0%         N/A       99%         4
 Dispel Undead            Necr           0%         3d6       99%         4
 Flame Wave               Conj/Fire      0%         2d4       99%         4
 Ignite Poison            Fire/Alch      0%         N/A       99%         4
 Martyr's Knell           Necr/Summ      0%         N/A       99%         4
 Sticky Flame             Fire/Alch      0%         2d4       99%         4
 Summon Lightning Spire   Summ/Air       0%         N/A       99%         4
 Vhi's Electric Charge    Tloc/Air       0%         N/A       99%         4
 Alistair's Intoxication  Alch           0%         N/A       100%        5
 Arcjolt                  Conj/Air       0%         1d10      100%        5
 Curse of Agony           Necr           0%         N/A       100%        5
 Freezing Cloud           Conj/Ice/Air   0%         6-21      100%        5
 Irradiate                Conj/Alch      0%         3d11      100%        5
 Lee's Rapid Deconstruct  Erth           0%         3d4*      100%        5
 Summon Mana Viper        Hex/Summ       0%         N/A       100%        5
 Death Channel            Necr           0%         N/A       100%        6
 Plasma Beam              Fire/Air       0%         2x1d10    100%        6
 Monstrous Menagerie      Summ           0%         N/A       100%        7
 Ignition                 Fire           0%         3d3       100%        8
 Lehudib's Crystal Spear  Conj/Erth      0%         10d2      100%        8
 Maxwell's Capacitive Co  Air            0%         ∞         100%        8


Dungeon Overview and Level Annotations

Branches:
Dungeon (15/15)            Temple (1/1) D:4            Lair (5/5) D:11
 Shoals (0/4) Lair:2       Spider (2/4) Lair:3        Slime (0/5) Lair:5
    Orc (2/2) D:12            Elf (0/3) Orc:2        Vaults (0/5) D:13
 Depths (0/4) D:15

Altars:
Ashenzari
Cheibriados
Dithmenos
Elyvilon
Fedhas
Gozag
Hepliaklqana
Kikubaaqudgha
Makhleb
Nemelex Xobeh
Okawaru
Qazlal
Ru
Sif Muna
Trog
Uskayaw
Vehumet
Wu Jian
Xom
Yredelemnul
Zin
The Shining One

Shops:
D:8 :   Orc:1 (   Orc:2 ([*[=

Portals:
Trove: D:10 (give 4 scrolls of blinking)

Annotations:
D:4 3 runed translucent doors, tymior's ghost, weakling BaDe
D:5 2 transporters, mainiacjoe's ghost, novice OpSu
D:8 1 runed translucent door
Lair:2 1 runed translucent door
Lair:4 exclusion: oklob plant
Spider:1 3 runed translucent doors, Klask's ghost, journeyman MiBe
Spider:2 Asterion
Orc:2 2 transporters, Silvore's ghost, journeyman MiFi


Innate Abilities, Weirdness & Mutations

((You are very nimble when in or above water. (Stealth+, EV+, Speed+++)))
Your lower body shifts to a powerful aquatic tail in water.


Message History

The Executioner hits you!
The Executioner hits you but does no damage.
The Executioner completely misses you.
The demonic crawler hits you but does no damage. x3
The demonic crawler hits you.
* * * LOW HITPOINT WARNING * * *
The demonic crawler closely misses you. The demonic crawler hits you.
* * * LOW HITPOINT WARNING * * *
Asterion closely misses you.
The +1 spectral demon trident barely misses you.
Asterion completely misses you. The redback completely misses you.
The Executioner closely misses you. The Executioner hits you.
* * * LOW HITPOINT WARNING * * *
The Executioner hits you but does no damage.
The demonic crawler hits you.
* * * LOW HITPOINT WARNING * * *
The demonic crawler misses you. x2
A +1 spectral demon trident comes into view.
Okay, then.
Asterion blocks your attack.
Asterion is severely wounded.
You block the Executioner's attack.
The Executioner hits you but does no damage.
The Executioner misses you.
The +1 spectral demon trident passes through a web.
The Executioner hits you!
* * * LOW HITPOINT WARNING * * *
The Executioner hits you.
* * * LOW HITPOINT WARNING * * *
The Executioner closely misses you. Asterion hits you but does no damage.
The +1 spectral demon trident barely misses you.
Asterion gores you.
* * * LOW HITPOINT WARNING * * *
The demonic crawler hits you.
* * * LOW HITPOINT WARNING * * *
The demonic crawler completely misses you.
The demonic crawler hits you.
* * * LOW HITPOINT WARNING * * *
The redback bites you!
You die...

.............#
##≈≈≈≈~.............#
#≈#≈≈≈#.............#
.#≈≈≈≈#............~#
..~≈~~~.............###
.#~~~..(....^....†..#.##
..≈#....^.......##..#..#
.~≈~..s1H....>.##.......
#~~...w@s....†.###......
..~.....s......# ###....
................ #....
....^...........# ###..
...#.#....#...... ####^
.# ###....#....... #^...
#....###^..^. ##...
#....# ##..... #...
#..... ##..


You could see Asterion (fast), an Executioner (summoned, fast), a torpor snail,
2 demonic crawlers, a redback and a +1 spectral demon trident.

Vanquished Creatures
  Frances (D:13)
  Kirke (D:13)
  2 ghost moths (Spider:1)
  2 orc warlords
  A broodmother (Spider:2)
  A spark wasp (Spider:2)
  Azrael (D:14)
  Snorg (D:11)
  2 entropy weavers (Spider:2)
  Josephine (D:10)
  2 rakshasas (D:15)
  6 hydras
  A catoblepas (Lair:1)
  5 vault guards (D:13)
  A radroach (Spider:1)
  A jorogumo (Spider:2)
  5 centaur warriors
  2 hell hogs (Lair:5)
  3 two-headed ogres
  A tengu warrior (D:15)
  3 death yaks (Lair:1)
  A death knight (D:13)
  3 demonic crawlers
  3 orc high priests (Orc:2)
  Sonja (Lair:5)
  2 fire crabs
  8 skeletal warriors
  A pharaoh ant (Spider:1)
  A deep troll (shapeshifter) (D:15)
  An orb spider (Spider:1)
  A lindwurm (Lair:3)
  2 sun moths
  3 orc knights (Orc:2)
  2 deep elf pyromancers (D:14)
  4 steelbarb worms
  3 wolf spiders
  A necromancer (D:15)
  8 cyclopes
  2 manticores (D:13)
  3 orc sorcerers
  24 ugly things
  2 moths of wrath (Spider:2)
  9 meliai
  An elephant (D:11)
  5 kobold blastminers (Orc:2)
  4 black mambas
  12 cane toads
  Maggie (D:8)
  3 gargoyles
  4 torpor snails
  2 molten gargoyles (Lair:5)
  A centaur skeleton (D:15)
  9 komodo dragons
  2 rime drakes
  A kobold demonologist (D:11)
  3 tengu conjurers
  2 polar bears
  4 trolls
  10 tarantellas
  A hornet (D:10)
  14 blink frogs
  2 centaur simulacra (D:15)
  3 slime creatures (D:15)
  2 vampires
  11 culicivoras
  20 jumping spiders
  2 shadows
  11 wyverns
  5 wraiths
  2 hogs (D:13)
  4 fire elementals (D:14)
  29 yaks
  A human (Lair:2)
  3 wargs (Orc:1)
  9 vampire mosquitoes
  6 basilisks
  5 steam dragons
  27 redbacks
  Edmund (D:6)
  2 acid dragons
  7 water moccasins
  4 hell hounds (Lair:5)
  28 orc warriors
  A sky beast (D:6)
  An ice beast (D:8)
  7 black bears
  11 wolves
  3 boggarts (D:14)
  10 ogres
  22 centaurs
  A phantom (D:7)
  11 bullfrogs
  Blork the orc (D:6)
  2 gnoll sergeants
  3 scorpions (Lair:3)
  12 wights
  12 killer bees (D:10)
  4 howler monkeys
  5 lava snakes (Lair:5)
  2 hounds
  2 jellies
  21 orc priests
  A bombardier beetle (D:7)
  Ijyb (D:3)
  An iguana (D:5)
  24 orc wizards
  5 hell rats (Lair:2)
  2 boggart skeletons (D:15)
  6 adders
  6 gnolls
  2 white imps
  4 ufetubi (D:6)
  2 dart slugs
  3 ribbon worms
  53 orcs
  5 endoplasms
  3 giant cockroaches (Lair:3)
  17 goblins
  3 hobgoblins
  13 jackals
  2 quokkas
  5 ball pythons
  2 bats
  5 frilled lizards
  10 kobolds
  4 rats
701 creatures vanquished.

Vanquished Creatures (others)
  An unseen horror (shapeshifter) (D:13)
  2 humans (D:13)
  2 orc wizards
  3 spectral weapons
8 creatures vanquished.

Grand Total: 709 creatures vanquished

Notes
Turn   | Place    | Note
-------+----------+-------------------------------------------
     0 | D:1      | laqueoix the Merfolk Gladiator began the quest for the Orb.
     0 | D:1      | Reached XP level 1. HP: 16/16 MP: 1/1
   166 | D:1      | Reached skill level 4 in Long Blades
   166 | D:1      | Reached XP level 2. HP: 23/23 MP: 2/2
   362 | D:1      | Reached XP level 3. HP: 27/29 MP: 3/3
   958 | D:2      | Reached XP level 4. HP: 36/36 MP: 4/4
   960 | D:2      | Found a faded altar of an unknown god.
   970 | D:2      | Identified the +0 scale mail of the Wilderness {rC+++ rCorr
                  | Str+3 Stlth-}
  1633 | D:3      | Reached skill level 5 in Long Blades
  1841 | D:3      | Reached XP level 5. HP: 39/42 MP: 5/5
  2078 | D:3      | Noticed Ijyb
  2079 | D:3      | Paralysed by Ijyb for 2 turns
  2089 | D:3      | Killed Ijyb
  2406 | D:4      | Found a runed translucent gate.
  2409 | D:4      | Found a runed translucent gate.
  2409 | D:4      | Found a runed translucent gate.
  2409 | D:4      | Noticed tymior's ghost (weakling BaDe)
  2429 | D:4      | Reached skill level 6 in Long Blades
  2434 | D:4      | Reached skill level 5 in Fighting
  2434 | D:4      | Reached XP level 6. HP: 12/51 MP: 6/6
  2806 | D:4      | Found a staircase to the Ecumenical Temple.
  2812 | Temple   | Entered the Ecumenical Temple
  2827 | Temple   | Became a worshipper of the Wu Jian Council
  3206 | D:5      | Entered Level 5 of the Dungeon
  3473 | D:5      | Reached skill level 7 in Long Blades
  3473 | D:5      | Reached XP level 7. HP: 55/57 MP: 7/7
  3675 | D:5      | Found a transporter.
  3675 | D:5      | Noticed mainiacjoe's ghost (novice OpSu)
  3702 | D:5      | Found a transporter.
  4002 | D:6      | Noticed Edmund
  4026 | D:6      | Killed Edmund
  4209 | D:6      | Noticed Blork the orc
  4226 | D:6      | Killed Blork the orc
  4387 | D:6      | Reached skill level 5 in Dodging
  4469 | D:6      | You fall into a shaft and drop 3 floors!
  4536 | D:9      | Noticed a steam dragon
  4548 | D:9      | Killed a steam dragon
  4549 | D:9      | Reached skill level 8 in Long Blades
  4549 | D:9      | Reached XP level 8. HP: 23/65 MP: 8/8
  4905 | D:8      | Noticed Maggie
  4909 | D:8      | Paralysed by Maggie for 3 turns
  4927 | D:8      | HP: 1/67 [Maggie/+0 glaive (12)]
  4930 | D:8      | Paralysed by Maggie for 3 turns
  4941 | D:8      | Killed Maggie
  4942 | D:8      | Reached skill level 9 in Long Blades
  5077 | D:8      | Found Totof's Tremendous Tomes.
  5280 | D:6      | Reached * piety under Wu Jian
  5395 | D:6      | Found a hazy altar of Hepliaklqana.
  5396 | D:6      | Found a shadowy altar of Dithmenos.
  5398 | D:6      | Noticed a shadow
  5421 | D:6      | Reached XP level 9. HP: 74/74 MP: 9/9
  5614 | D:6      | Found a sparkling altar of Nemelex Xobeh.
  5618 | D:6      | Found a bloodstained altar of Trog.
  5621 | D:6      | Found a radiant altar of Vehumet.
  5621 | D:6      | Found an opulent altar of Gozag.
  5624 | D:6      | Found a broken altar of Ashenzari.
  5625 | D:6      | Found a blossoming altar of Fedhas.
  5888 | D:7      | Reached skill level 10 in Long Blades
  6397 | D:7      | Reached ** piety under Wu Jian
  6398 | D:7      | Reached XP level 10. HP: 46/83 MP: 10/10
  6580 | D:8      | Reached skill level 10 in Dodging
  6586 | D:8      | Reached skill level 11 in Long Blades
  6793 | D:8      | Identified the +1 orcbow "Vykh" {speed, Str+5 Int+3}
  6836 | D:8      | Found a runed translucent door.
  6837 | D:8      | Noticed a sixfirhy
  6872 | D:8      | Reached skill level 10 in Fighting
  7099 | D:8      | Found a glowing golden altar of the Shining One.
  8159 | D:10     | Entered Level 10 of the Dungeon
  8300 | D:10     | Noticed a gargoyle
  8311 | D:10     | Killed a gargoyle
  8481 | D:10     | Reached skill level 12 in Long Blades
  8582 | D:10     | Found a portal to a secret trove of treasure.
  8746 | D:10     | Noticed Josephine
  8760 | D:10     | Killed Josephine
  8761 | D:10     | Reached XP level 11. HP: 39/93 MP: 11/11
  8763 | D:10     | Reached *** piety under Wu Jian
  9180 | D:10     | Reached skill level 13 in Long Blades
  9379 | D:11     | Noticed a two-headed ogre
  9391 | D:11     | Killed a two-headed ogre
  9654 | D:11     | Noticed Snorg
  9701 | D:11     | HP: 3/96 [Snorg (7)]
  9702 | D:11     | Killed Snorg
 10065 | D:11     | Reached skill level 14 in Long Blades
 10117 | D:11     | Found a staircase to the Lair.
 10401 | D:11     | Reached **** piety under Wu Jian
 10732 | Lair:1   | Entered Level 1 of the Lair of Beasts
 11006 | Lair:1   | Noticed a death yak
 11008 | Lair:1   | Noticed a death yak
 11010 | Lair:1   | Noticed a death yak
 11023 | Lair:1   | Killed a death yak
 11030 | Lair:1   | Killed a death yak
 11031 | Lair:1   | Reached XP level 12. HP: 14/105 MP: 2/12
 11040 | Lair:1   | Killed a death yak
 11258 | Lair:1   | Reached skill level 15 in Long Blades
 11294 | Lair:1   | Noticed a catoblepas
 11314 | Lair:1   | Killed a catoblepas
 12044 | Lair:2   | Reached skill level 16 in Long Blades
 12061 | Lair:2   | Found a staircase to the Shoals.
 12146 | Lair:2   | Noticed a five-headed hydra
 12173 | Lair:2   | Killed a five-headed hydra
 12241 | Lair:2   | Identified the +0 leather armour of Icharr {rF+ Int+3}
 12338 | Lair:2   | Reached skill level 15 in Fighting
 12665 | Lair:2   | Found a runed translucent door.
 12678 | Lair:2   | Noticed a reaper
 13239 | Lair:3   | Found the +8 orange crystal plate armour {Archmagi, Int+3
                  | Clar}
 13405 | Lair:3   | Found a hole to the Spider Nest.
 13417 | Lair:3   | Noticed a demonic crawler
 13422 | Lair:3   | Killed a demonic crawler
 13423 | Lair:3   | Reached XP level 13. HP: 105/116 MP: 13/13
 13699 | Lair:3   | Reached skill level 17 in Long Blades
 14581 | Lair:4   | You fall into a shaft and drop 1 floor!
 14581 | Lair:5   | Entered Level 5 of the Lair of Beasts
 14647 | Lair:4   | Got the Folio of Star-crossed Causimancy
 15499 | Lair:5   | Noticed Sonja
 15499 | Lair:5   | Found a staircase to the Slime Pits.
 15500 | Lair:5   | Killed Sonja
 15582 | Lair:5   | Reached skill level 18 in Long Blades
 15863 | Lair:5   | Reached skill level 1 in Evocations
 16032 | Lair:5   | Reached skill level 1 in Armour
 16590 | Lair:5   | Found a large runed translucent door.
 16615 | Lair:5   | Reached XP level 14. HP: 105/126 MP: 14/14
 16827 | Lair:5   | Found a large runed translucent door.
 16853 | Lair:5   | Reached ***** piety under Wu Jian
 17887 | D:12     | Found a staircase to the Orcish Mines.
 18071 | Orc:1    | Entered Level 1 of the Orcish Mines
 18071 | Orc:1    | Noticed an orc warlord
 18084 | Orc:1    | Killed an orc warlord
 18216 | Orc:2    | Entered Level 2 of the Orcish Mines
 18404 | Orc:2    | Found Wautuir's General Store.
 18412 | Orc:2    | Bought a potion of cancellation for 96 gold pieces
 18538 | Orc:1    | Found Sotus's Weapon Shop.
 18834 | Orc:2    | Found a staircase to the Elven Halls.
 19217 | Orc:2    | Noticed an orc warlord
 19228 | Orc:2    | Killed an orc warlord
 19302 | Orc:2    | Found Xocuahuen's Jewellery Shoppe.
 19311 | Orc:2    | Bought a ring of protection from fire for 375 gold pieces
 19458 | Orc:2    | Found Libes's Antique Armour Shop.
 19466 | Orc:2    | Reached skill level 5 in Evocations
 19527 | Orc:2    | Found Rian's Antique Armour Emporium.
 19542 | Orc:2    | Found Ratofyji's Antique Weapon Shoppe.
 19676 | Orc:2    | Found a transporter.
 19677 | Orc:2    | Found a transporter.
 19680 | Orc:2    | Noticed Silvore's ghost (journeyman MiFi)
 19736 | Orc:2    | Found a bloodstained altar of Trog.
 19976 | D:13     | Reached skill level 19 in Long Blades
 20226 | D:13     | Noticed Kirke
 20245 | D:13     | Killed Kirke
 20289 | D:13     | Reached XP level 15. HP: 31/134 MP: 15/15
 20361 | D:13     | Noticed Frances
 20396 | D:13     | Killed Frances
 20401 | D:13     | Identified the +5 scimitar of Hesodgh Ynamm {antimagic, rF+
                  | Str-2 Dex+3}
 20783 | D:13     | Identified the +3 leather armour "Keahykh" {rPois rF+}
 20971 | D:13     | Found a gate to the Vaults.
 21620 | Spider:1 | Entered Level 1 of the Spider Nest
 22147 | Spider:1 | Found a runed translucent gate.
 22147 | Spider:1 | Found a runed translucent gate.
 22147 | Spider:1 | Found a runed translucent gate.
 22148 | Spider:1 | Noticed Klask's ghost (journeyman MiBe)
 22177 | Spider:1 | Reached skill level 5 in Armour
 22179 | Spider:1 | Killed a ghost moth
 22289 | Spider:1 | Noticed a ghost moth
 22291 | Spider:1 | Killed a ghost moth
 23735 | Spider:1 | HP: 6/136 [redback (4)]
 24427 | D:14     | Noticed Azrael
 24467 | D:14     | Killed Azrael
 24747 | D:14     | Reached XP level 16. HP: 128/143 MP: 16/16
 25374 | D:15     | Entered Level 15 of the Dungeon
 25377 | D:15     | Reached skill level 20 in Long Blades
 25735 | D:15     | Reached skill level 15 in Dodging
 26516 | D:15     | Found a shadowy altar of Dithmenos.
 26658 | D:15     | Found a staircase to the Depths.
 26662 | D:15     | Reached ****** piety under Wu Jian
 27182 | Spider:2 | Noticed Asterion
 27187 | Spider:2 | Noticed an Executioner
 27194 | Spider:2 | HP: 7/145 [demonic crawler[a torpor snail] (2)]
 27194 | Spider:2 | Slain by a redback

Illustrated notes

Levels and vault maps discovered:
D:1:      matt_arrival_los_fun, layout_rooms, kennysheep_decorative_pillar
D:2:      layout_rooms, ebering_ecumenical_altar_mist
D:3:      kennysheep_goblin_castle, layout_loops_corners
D:4:      layout_cave_pools, minmay_temple_entry_enclosed_plants,
          gammafunk_ghost_split
D:5:      layout_basic, gammafunk_ghost_mausoleum, minmay_misc_feat_pillars
D:6:      layout_basic, riverfiend_overflow_shadow_ancestor, minitemple,
          nicolae_tricolors, uniq_edmund, uniq_blork_the_orc
D:7:      layout_rooms
D:8:      cheibrodos_shockbox, layout_loops_ring, overflow_temple_1_default,
          enter_bailey_2, nicolae_shop_i_like_big_books, minmay_radiant,
          uniq_maggie
D:9:      layout_loops_cross
D:10:     layout_irregular_city, nicolae_trove_entry_free_sample, uniq_josephine
D:11:     layout_loops_cross, david_lair_generic, st_stairs_9, uniq_snorg
D:12:     layout_gridville, david_orc_4
D:13:     minmay_cut_squares, layout_loops_ring, erik_vaults_2, uniq_frances,
          uniq_kirke
D:14:     layout_rooms, serial_co_window_serial, co_window_corner_a,
          co_window_corner_a, co_window_cross_1, co_window_of_opportunity_a,
          co_window_cross_1, co_window_corner_b, co_window_of_opportunity_c,
          co_window_broadway_b, glass_columns_b, minmay_misc_feat_tower,
          uniq_azrael
D:15:     grunt_enter_depths_magical_seal, layout_stronghold, serial_glass,
          glass_columns_c, glass_columns_c,
          nicolae_dithmenos_through_a_glass_darkly
Temple:   cyrus_circular_temple
Lair:1:   layout_hall_layers, nicolae_quartered_pool_impasse, st_stairs_11,
          chequers_serial_rivers_small_b, minivault_11
Lair:2:   layout_roguey, minmay_shoals_entry_centaurs,
          pdpol_lair_cabin_in_the_woods
Lair:3:   layout_regular_city, nicolae_spider_entry_non_spiders,
          cheibrodos_lair_caveside_slide, beast_lair_carwin_6
Lair:4:   layout_cave_pods, minmay_lair_oklob_bushes
Lair:5:   cheibrodos_lair_end_hotspot, layout_regular_city, slime_entry_1,
          uniq_sonja
Spider:1: layout_spider_delve, gammafunk_ghost_necromancy,
          nicolae_spider_bug_shape
Spider:2: layout_spider_delve, hellmonk_spider_spawner, uniq_asterion,
          uniq_mlioglotl
Orc:1:    layout_caves, serial_shops,
          nicolae_shop_temple_entry_statues_fountains
Orc:2:    grunt_orc_gardens, layout_caves, grunt_orc_garden, grunt_orc_garden,
          grunt_orc_garden, grunt_orc_garden, gammafunk_ghost_wrathful_warriors,
          serial_shops, shop

Skill      XL: |  1  2  3  4  5  6  7  8  9 10 11 12 13 14 15 16 |
---------------+-------------------------------------------------+-----
Long Blades    | 4 5 6 7 8 9 10 12 14 16 18 19 20 | 20.0
Fighting       | 3 4 5 6 8 9 11 13 15 16 17 18 | 18.9
Dodging        | 5 7 9 11 13 14 15 | 15.8
Evocations     | 2 5 7 9 |  9.2
Armour         | 2 4 5 6 |  6.9
Throwing       | |  2.0

Action                     |  1- 3 |  4- 6 |  7- 9 | 10-12 | 13-15 | 16-18 || total
---------------------------+-------+-------+-------+-------+-------+-------++-------
  Melee: Long sword        |    86 |   132 |   179 |       |     7 |       ||   404
         Tailslap          |     3 |     2 |       |       |     1 |       ||     6
         Punch             |     1 |     3 |     2 |       |     4 |       ||    10
         Great sword       |       |       |    41 |   540 |   748 |   252 ||  1581
         Rapier            |       |       |       |    14 |    53 |       ||    67
         Scimitar          |       |       |       |       |       |     5 ||     5
  Throw: Throwing net      |       |       |     3 |       |       |       ||     3
         Dart              |       |       |       |     8 |       |       ||     8
 Invoke: Serpent's Lash    |       |       |       |     2 |    12 |     4 ||    18
         Heavenly Storm    |       |       |       |       |     1 |       ||     1
Ability: Lunge             |       |     7 |    23 |    49 |   142 |    35 ||   256
         Whirlwind         |       |       |       |    54 |    85 |    39 ||   178
         Wall Jump         |       |       |       |     2 |     2 |       ||     4
  Evoke: Wand              |       |       |       |       |       |     1 ||     1
    Use: Scroll            |     3 |     8 |     6 |     5 |     9 |     1 ||    32
         Potion            |       |       |     3 |     3 |     5 |     2 ||    13
   Stab: Sleeping          |     1 |       |       |       |     3 |       ||     4
         Distracted        |       |       |     1 |       |    11 |     3 ||    15
         Held in net/web   |       |       |     1 |       |       |     1 ||     2
         Petrified         |       |       |       |     1 |       |       ||     1
 Armour: Leather armour    |    58 |       |       |       |   114 |    49 ||   221
         Scale mail        |       |    60 |   171 |   263 |   208 |    58 ||   760
  Dodge: Dodged            |    76 |    61 |   178 |   496 |   476 |   132 ||  1419
  Block: Other             |       |       |       |       |   111 |    32 ||   143
         Reflection        |       |       |       |       |     9 |     2 ||    11
